 Dungeon Crawl Stone Soup version 0.22-a0-284-g99d1f74 (webtiles) character file.

15618 matakusis the Convoker (level 12, 0/59 HPs)
             Began as a Deep Elf Summoner on Mar 21, 2018.
             Was a High Priest of Sif Muna.
             Engulfed by an ice statue's freezing vapour (7 damage)
             ... in an ice cave.
             The game lasted 01:41:29 (17226 turns).

matakusis the Convoker (Deep Elf Summoner)         Turns: 17226, Time: 01:41:29

Health: 0/59       AC:  7    Str:  3    XL:     12   Next: 2%
Magic:  28/40      EV: 15    Int: 26    God:    Sif Muna [*****.]
Gold:   865        SH:  5    Dex: 17    Spells: 25/38 levels left

rFire    + . .     SeeInvis .   I - staff of summoning
rCold    + . .     Gourm    .   (no shield)
rNeg     . . .     Faith    .   n - +1 robe {rC+}
rPois    .         Spirit   .   K - +2 hat
rElec    .         Reflect  +   u - +0 cloak
rCorr    .         Harm     .   z - +0 pair of gloves
MR       +....     Rnd*Rage +   (no boots)
Stlth    ++........             a - +5 amulet of reflection
HPRegen  0.19/turn              i - ring of protection from fire
MPRegen  0.27/turn              q - ring of magical power

@: no status effects
A: repulsion field 1, agile 1, berserk 1, weak 1
a: Divine Energy, Channel Magic, Forget Spell, Renounce Religion


You were in an ice cave.
You worshipped Sif Muna.
Sif Muna was extremely pleased with you.
You were not hungry.

You visited 3 branches of the dungeon, and saw 16 of its levels.
You also visited: Labyrinth and Ice Cave.

You collected 865 gold pieces.

Inventory:

Hand Weapons
 p - the +2 dagger "Obocan" {venom, rC+ rN++ Str-5 Stlth+}
   (You found it on level 6 of the Dungeon)

   It poisons the flesh of those it strikes.
   It affects your strength (-5).
   It protects you from cold.
   It greatly protects you from negative energy.
   It makes you more stealthy.
 B - the +4 mace of Folebaps {crush, +Rage rElec rF+++ Int-5}
   (You found it in a labyrinth)

   It inflicts extra damage upon your enemies.
   It affects your intelligence (-5).
   It renders you almost immune to fire.
   It insulates you from electricity.
   It lets you go berserk.
Missiles
 e - 208 arrows
 C - 222 stones (quivered)
Armour
 j - the -2 helmet of Lilacs {rElec}
   (You took it off Robin on level 3 of the Dungeon)

   It insulates you from electricity.
 n - a +1 robe of cold resistance (worn)
 u - a +0 cloak (worn)
 z - a +0 pair of gloves (worn)
 H - a +0 robe of positive energy
 K - a +2 hat (worn)
Magical Staves
 s - an uncursed staff of air
 v - an uncursed staff of fire
 G - an uncursed staff of conjuration
 I - an uncursed staff of summoning (weapon)
Jewellery
 a - a +5 amulet of reflection (around neck)
 i - a ring of protection from fire (left hand)
 q - a ring of magical power (right hand)
Wands
 m - a wand of acid (46)
 o - a wand of polymorph (22)
 r - a wand of random effects (86)
 t - a wand of digging (3)
 w - a wand of scattershot (5)
 M - a wand of flame (41)
Scrolls
 f - 3 scrolls of identify
 g - 2 scrolls of immolation
 h - 3 scrolls of amnesia
 x - 6 scrolls of remove curse
 y - 3 scrolls of enchant weapon
 J - a scroll of silence
 L - a scroll of teleportation
Potions
 b - 2 potions of brilliance
 d - a potion of haste
 k - a potion of lignification
 l - a potion of resistance
 A - 2 potions of agility
 D - a potion of might
 E - a potion of curing
 F - a potion of ambrosia
Comestibles
 c - 16 rations


   Skills:
 - Level 2.4 Dodging
 - Level 2.4 Stealth
 + Level 13.6 Spellcasting
 * Level 15.2 Summonings
 + Level 9.6 Ice Magic
 - Level 2.0 Air Magic


You had 25 spell levels left.
You knew the following spells:

 Your Spells              Type           Power        Failure   Level  Hunger
a - Inner Flame           Hex/Fire       ###.....     10%         3    None
b - Call Imp              Summ           #######.     0%          2    None
c - Summon Ice Beast      Ice/Summ       #######.     1%          4    None
d - Summon Lightning Spi  Summ/Air       #######.     1%          4    None


Dungeon Overview and Level Annotations

Branches:
Dungeon (11/15)            Temple (1/1) D:4            Lair (4/6) D:9
  Swamp (0/4) Lair:3          Orc (0/2) D:10
  Snake: Lair:2-4    Spider: Lair:2-4

Altars:
Ashenzari
Cheibriados
Dithmenos
Elyvilon
Fedhas
Gozag
Hepliaklqana
Kikubaaqudgha
Makhleb
Nemelex Xobeh
Okawaru
Qazlal
Ru
Sif Muna
Trog
Uskayaw
Vehumet
Wu Jian
Xom
Yredelemnul
Zin
The Shining One

Shops:
D:4 =   D:8 =

Annotations:
D:11 Sonja IceCv exclusion: ice statue


Innate Abilities, Weirdness & Mutations

You are surrounded by a mild repulsion field. (EV +2)
You are agile. (Dex +2)
You tend to lose your temper in combat.
You are weak. (Str -2)


Message History

You are engulfed in freezing vapours.
You resist.
* * * LOW HITPOINT WARNING * * *
The ice statue gestures.
Your ice beast hits the ice statue.
Your ice beast freezes the ice statue.
The ice statue completely resists.
The ice beast hits your ice beast but does no damage.
Your ice beast hits the ice beast but does no damage.
You are engulfed in freezing vapours.
You resist.
* * * LOW HITPOINT WARNING * * *
Your ice beast disappears in a puff of smoke!
Your ice beast hits the ice statue but does no damage.
Unknown command.
You feel better.
You are engulfed in freezing vapours.
You resist.
* * * LOW HITPOINT WARNING * * *
The ice beast hits your ice beast. The ice beast freezes your ice beast.
Your ice beast completely resists.
Your ice beast hits the ice beast.
Your ice beast freezes the ice beast.
The ice beast completely resists.
You are engulfed in freezing vapours.
You resist.
You die...

#############
#.'.......'.#
#.#########.##
##.#.#.#.#.#...
######..#'#'#'#'###.
#§§@....#.......'.#.
#Y#####.#.8.8.8.####
#Y# #.#...........


8Y+ #.'........... ##Y# #.#........... #§# #.#.8.8.8.#### #§§.....#.......'.#
######..#'#'#'#'### ##.#.#.#.#.# You could see a friendly ice beast.

Vanquished Creatures (collateral kills)
  Gastronok (Lair:1)
  A minotaur (Lab)
  2 hydras
  Harold (D:11)
  A death yak (Lair:2)
  5 two-headed ogres
  Pikel (D:7)
  3 ugly things (D:11)
  The ghost of Serpenta the Slicer, a novice OpCK of Xom (D:6)
  4 elephants (Lair:2)
  A torpor snail (Lair:2)
  4 ice statues (IceCv)
  3 spiny frogs (Lair:3)
  An efreet (D:10)
  2 rime drakes (Lair:4)
  9 ice devils (IceCv)
  2 dream sheep (D:8)
  7 hippogriffs
  Sigmund (D:3)
  3 wyverns
  A spriggan (Lair:1)
  Grum (D:11)
  32 yaks
  A basilisk (Lair:3)
  A hungry ghost (D:9)
  The ghost of grindst0ne the Sneak, an amateur OpWz of Ru (D:4)
  2 hell hounds (D:9)
  5 water moccasins
  2 porcupines
  A hornet zombie (D:10)
  3 black bears (Lair:2)
  3 ice beasts
  4 orc warriors
  2 phantoms
  A necrophage (D:9)
  A sky beast (D:9)
  7 wolves
  2 ogres
  2 centaurs
  4 crocodiles
  3 big kobolds (D:8)
  14 bullfrogs
  A wyvern skeleton (D:10)
  2 scorpions
  3 wights (D:9)
  2 electric eels
  6 howler monkeys
  4 crimson imps
  A bullfrog zombie (D:10)
  3 jellies
  7 hounds
  2 draconian simulacra (IceCv)
  A gnoll shaman (D:6)
  2 orc priests
  2 iguanas (D:5)
  7 orc wizards
  3 troll simulacra (IceCv)
  8 worker ants
  A killer bee zombie (D:8)
  2 centaur simulacra (IceCv)
  A hound zombie (D:5)
  A hound skeleton (D:11)
  A howler monkey zombie (D:11)
  2 worker ant zombies
  Robin (D:3)
  12 gnolls
  2 ogre simulacra (IceCv)
  12 adders
  A naga simulacrum (IceCv)
  2 oozes
  An adder zombie (D:5)
  2 worms (D:3)
  A dart slug (D:1)
  9 leopard geckos
  29 orcs
  A ball python (D:1)
  9 bats
  A giant cockroach (D:1)
  15 goblins
  12 hobgoblins
  7 jackals
  2 quokkas
  6 frilled lizards
  A giant cockroach zombie (D:5)
  9 kobolds
  A leopard gecko skeleton (D:4)
  13 rats
  A fungus (Lair:3)
  A plant (Lair:2)
359 creatures vanquished.

Vanquished Creatures (others)
  A worker ant (D:7)
  An adder (D:7)
  A fungus (Lair:3)
  3 plants
6 creatures vanquished.

Grand Total: 365 creatures vanquished

Notes
Turn   | Place    | Note
-------+----------+-------------------------------------------
     0 | D:1      | matakusis the Deep Elf Summoner began the quest for the Orb.
     0 | D:1      | Reached XP level 1. HP: 10/10 MP: 6/6
   308 | D:1      | Reached skill level 5 in Spellcasting
   308 | D:1      | Reached skill level 7 in Summonings
   308 | D:1      | Reached XP level 2. HP: 15/15 MP: 7/10
   374 | D:1      | Learned a level 2 spell: Call Imp
   394 | D:1      | Reached XP level 3. HP: 19/19 MP: 2/11
  1403 | D:2      | Gained mutation: You are resistant to hostile enchantments. (MR+) [potion of mutation]
  1403 | D:2      | Gained mutation: You are frail. (-10% HP) [potion of mutation]
  1403 | D:2      | Gained mutation: You are surrounded by a mild repulsion field. (EV +2) [potion of mutation]
  1403 | D:2      | Gained mutation: Your muscles are strong. (Str +2) [potion of mutation]
  1404 | D:2      | Lost mutation: Your muscles are strong. (Str +2) [potion of mutation]
  1404 | D:2      | Lost mutation: You are resistant to hostile enchantments. (MR+) [potion of mutation]
  1404 | D:2      | Lost mutation: You are frail. (-10% HP) [potion of mutation]
  1404 | D:2      | Gained mutation: You are weak. (Str -2) [potion of mutation]
  1404 | D:2      | Gained mutation: You tend to lose your temper in combat. [potion of mutation]
  1404 | D:2      | Gained mutation: You are agile. (Dex +2) [potion of mutation]
  1973 | D:3      | Reached XP level 4. HP: 24/24 MP: 11/13
  1979 | D:3      | Learned a level 4 spell: Summon Ice Beast
  1984 | D:3      | Learned a level 4 spell: Summon Lightning Spire
  2256 | D:3      | Noticed Robin
  2258 | D:3      | Killed Robin
  2266 | D:3      | Got an ancient helmet
  2272 | D:3      | Identified the cursed -2 helmet of Lilacs {rElec} (You took it off Robin on level 3 of the Dungeon)
  2332 | D:3      | Noticed Sigmund
  2338 | D:3      | Killed Sigmund
  2338 | D:3      | Reached XP level 5. HP: 28/28 MP: 1/15
  2717 | D:3      | Noticed a moth of wrath
  2719 | D:3      | Found a bloodstained altar of Trog.
  2929 | D:4      | Noticed grindst0ne's ghost (amateur OpWz)
  2937 | D:4      | Killed grindst0ne's ghost
  2937 | D:4      | Reached skill level 5 in Ice Magic
  2937 | D:4      | Reached XP level 6. HP: 32/32 MP: 2/17
  3461 | D:4      | Found a staircase to the Ecumenical Temple.
  3468 | Temple   | Entered the Ecumenical Temple
  3525 | Temple   | Became a worshipper of Sif Muna the Loreminder
  3709 | D:4      | Found Sieqi's Jewellery Boutique.
  3782 | D:5      | Entered Level 5 of the Dungeon
  3861 | D:5      | Reached skill level 8 in Summonings
  3880 | D:5      | Noticed an ice beast
  3898 | D:5      | Killed an ice beast
  4251 | D:5      | Reached XP level 7. HP: 30/36 MP: 13/18
  4675 | D:6      | Noticed Serpenta's ghost (novice OpCK)
  4683 | D:6      | Killed Serpenta's ghost
  4980 | D:6      | Reached * piety under Sif Muna
  5237 | D:6      | Got a shimmering dagger
  5238 | D:6      | Lost strength.
  5238 | D:6      | Identified the +2 dagger "Obocan" {venom, rC+ rN++ Str-5 Stlth+} (You found it on level 6 of the Dungeon)
  5579 | D:7      | Noticed Pikel
  5583 | D:7      | Killed Pikel
  5583 | D:7      | Reached skill level 9 in Summonings
  5583 | D:7      | Reached skill level 1 in Air Magic
  5583 | D:7      | Reached XP level 8. HP: 41/41 MP: 17/21
  6694 | D:8      | Noticed a two-headed ogre
  6703 | D:8      | Killed a two-headed ogre
  6703 | D:8      | Reached skill level 10 in Summonings
  6736 | D:8      | Found Avairere's Jewellery Emporium.
  6740 | D:8      | Reached ** piety under Sif Muna
  6923 | D:8      | Found a burning altar of Makhleb.
  7553 | D:8      | Noticed a dream sheep
  7553 | D:8      | Noticed a dream sheep
  7561 | D:8      | Killed a dream sheep
  7561 | D:8      | Reached XP level 9. HP: 45/45 MP: 13/23
  7611 | D:8      | Noticed a three-headed hydra
  7615 | D:8      | Killed a three-headed hydra
  7615 | D:8      | Reached skill level 11 in Summonings
  7879 | D:9      | Noticed a two-headed ogre
  7885 | D:9      | Killed a two-headed ogre
  7885 | D:9      | Reached *** piety under Sif Muna
  7885 | D:9      | Reached skill level 10 in Spellcasting
  8267 | D:9      | Noticed a two-headed ogre
  8276 | D:9      | Killed a two-headed ogre
  8276 | D:9      | Reached XP level 10. HP: 20/50 MP: 21/26
  8315 | D:9      | Found a staircase to the Lair.
  8365 | D:9      | Noticed a two-headed ogre
  8386 | D:9      | Killed a two-headed ogre
  8386 | D:9      | Reached skill level 12 in Summonings
  8633 | D:10     | Entered Level 10 of the Dungeon
  8706 | D:10     | Reached **** piety under Sif Muna
  8719 | D:10     | Found a staircase to the Orcish Mines.
  9095 | D:10     | Noticed a two-headed ogre
  9108 | D:10     | Killed a two-headed ogre
  9427 | D:11     | Noticed Harold
  9459 | D:11     | Killed Harold
  9459 | D:11     | Reached skill level 13 in Summonings
  9698 | D:11     | Noticed Sonja
  9739 | D:11     | Noticed a white ugly thing
  9752 | D:11     | Killed a white ugly thing
  9752 | D:11     | Reached ***** piety under Sif Muna
  9965 | D:11     | Noticed a green ugly thing
  9981 | D:11     | Killed a green ugly thing
  9981 | D:11     | Identified Sif Muna's Papyrus of a Billion Cities (Sif Muna gifted it to you on level 11 of the Dungeon)
  9981 | D:11     | Received a gift from Sif Muna
 10161 | D:11     | Noticed Grum
 10172 | D:11     | Killed Grum
 10310 | D:11     | Noticed a red ugly thing
 10318 | D:11     | Killed a red ugly thing
 10687 | Lair:1   | Entered Level 1 of the Lair of Beasts
 10692 | Lair:1   | Reached XP level 11. HP: 54/54 MP: 23/29
 10836 | Lair:1   | Noticed Gastronok
 10890 | Lair:1   | Noticed a five-headed hydra
 10898 | Lair:1   | Killed a five-headed hydra
 10939 | Lair:1   | Found a labyrinth entrance.
 10949 | Lab      | Entered a labyrinth
 11553 | Lab      | Noticed a minotaur
 11573 | Lab      | Killed a minotaur
 11599 | Lab      | Identified Ymizicoly's Incunabulum of Ashen Augmentations
 11601 | Lab      | Got a warped mace
 11602 | Lab      | Identified the +4 mace of Folebaps {crush, +Rage rElec rF+++ Int-5} (You found it in a labyrinth)
 12006 | Lair:1   | Killed Gastronok
 12378 | Lair:2   | Noticed a death yak
 12873 | Lair:2   | Killed a death yak
 12873 | Lair:2   | Reached skill level 14 in Summonings
 14075 | Lair:3   | Found a staircase to the Swamp.
 14437 | Lair:4   | Found a frozen archway.
 14442 | Lair:4   | Identified Sif Muna's Guide on Creative Conjuration (Sif Muna gifted it to you on level 4 of the Lair of Beasts)
 14442 | Lair:4   | Received a gift from Sif Muna
 14477 | IceCv    | Entered an ice cave
 14500 | IceCv    | Learned a level 3 spell: Inner Flame
 15263 | IceCv    | Reached skill level 15 in Summonings
 16434 | IceCv    | Reached XP level 12. HP: 43/59 MP: 26/31
 17226 | IceCv    | Engulfed by an ice statue's freezing vapour

Vault maps used:
D:1:      giann_horns
D:2:      serial_co_window_serial, co_window_corner_a, co_window_paths_b,
          co_window_corner_a, co_window_corner_a, co_window_corner_a,
          co_window_corner_ca, co_window_of_opportunity_c, co_window_corner_b,
          co_window_broadway_c, co_window_broadway_c, co_window_sun,
          glass_columns_b, glass_columns_a, glass_columns_a, glass_columns_b
D:3:      tgw_trog, uniq_sigmund, uniq_robin
D:4:      minmay_temple_entry_statues_pillars, serial_shops,
          kennysheep_mini_moat
D:5:      first_ration
D:7:      uniq_pikel
D:8:      kennysheep_mini, serial_shops, nicolae_shop_statue_plus,
          hangedman_ranch
D:9:      minmay_lair_entry_lava
D:10:     david_orc_2
D:11:     minmay_stone_box, uniq_harold, uniq_sonja, uniq_grum
Temple:   regret_index_temple_chain_breaker
Lair:1:   lab_entry_generic, grunt_forest_large_clearing_hut, uniq_gastronok
Lair:2:   gammafunk_lair_bear_cave
Lair:3:   swamp_mist_pool
Lair:4:   spider_nest_entry_a, portal_ice_cave_rime, serial_bayou_pond_a,
          st_stairs_7, uniq_josephine
IceCv:    ice_cave_tombish

Skill      XL: |  1  2  3  4  5  6  7  8  9 10 11 |
---------------+----------------------------------+-----
Spellcasting   | 5 6 7 8 10 12 13 | 13.6
Summonings     | 7 8 9 10 11 13 15 | 15.2
Ice Magic      | 4 5 6 7 8 9 |  9.6
Air Magic      | 1 2 |  2.0
Dodging        | |  2.4
Stealth        | |  2.4

Action                   |  1- 3 |  4- 6 |  7- 9 | 10-12 || total
-------------------------+-------+-------+-------+-------++-------
Melee: Unarmed           |     4 |     4 |       |       ||     8
       Staff             |       |       |       |    23 ||    23
 Cast: Summon Small Mamm |    24 |       |       |       ||    24
       Call Imp          |    31 |     8 |       |       ||    39
       Summon Ice Beast  |       |    30 |    46 |   196 ||   272
       Summon Lightning  |       |    13 |    32 |   103 ||   148
  Use: Scroll            |     8 |     7 |     6 |     9 ||    30
       Potion            |     6 |     2 |     1 |     9 ||    18
 Stab: Distracted        |       |       |       |     1 ||     1
  Eat: Chunk             |     3 |    12 |    18 |    10 ||    43
       Ration            |       |       |       |     5 ||     5
Armor: Robe              |     4 |     1 |     5 |    30 ||    40
       Skin              |     1 |     4 |       |     7 ||    12
Dodge: Dodged            |    25 |    19 |    15 |    86 ||   145
Block: Other             |       |       |       |    18 ||    18

Table legend:
 A = Spawn XP
 B = Non-spawn XP
 C = Spawn XP percentage of total XP
 D = Spawn monster count
 E = Non-spawn monster count
 F = Spawn count percentage of total count
 G = Total turns spent on level
                    A         B        C        D         E        F      G
               +---------+---------+-------+---------+---------+-------+---------
         Total |       0 |   22285 |   0.0 |       0 |     358 |   0.0 | 17226
               +---------+---------+-------+---------+---------+-------+---------
           D:1 |       0 |      23 |   0.0 |       0 |      22 |   0.0 |   793
           D:2 |       0 |      33 |   0.0 |       0 |      14 |   0.0 |  1023
           D:3 |       0 |     245 |   0.0 |       0 |      52 |   0.0 |  1004
           D:4 |       0 |     196 |   0.0 |       0 |      23 |   0.0 |   817
           D:5 |       0 |     219 |   0.0 |       0 |      13 |   0.0 |   798
           D:6 |       0 |     422 |   0.0 |       0 |      13 |   0.0 |   956
           D:7 |       0 |     677 |   0.0 |       0 |      14 |   0.0 |  1053
           D:8 |       0 |    1905 |   0.0 |       0 |      24 |   0.0 |  1241
           D:9 |       0 |    2676 |   0.0 |       0 |      31 |   0.0 |   831
          D:10 |       0 |    1811 |   0.0 |       0 |      35 |   0.0 |   965
          D:11 |       0 |    2520 |   0.0 |       0 |      28 |   0.0 |  1061
        Lair:1 |       0 |    2337 |   0.0 |       0 |      15 |   0.0 |  1181
        Lair:2 |       0 |    2460 |   0.0 |       0 |      18 |   0.0 |   924
        Lair:3 |       0 |    3156 |   0.0 |       0 |      29 |   0.0 |   794
        Lair:4 |       0 |     401 |   0.0 |       0 |       3 |   0.0 |    92
           Lab |       0 |     616 |   0.0 |       0 |       1 |   0.0 |   799
         IceCv |       0 |    2588 |   0.0 |       0 |      23 |   0.0 |  2749
               +---------+---------+-------+---------+---------+-------+---------
